 Dungeon Crawl Stone Soup version 0.30-a0-1075-gcd70e7a56d (webtiles) character file.

Game seed: 13440694725010180767

13751 hwolsky the Carver (level 11, -6/101 HPs)
             Began as a Minotaur Fighter on Apr 14, 2023.
             Was a Follower of Ashenzari.
             Mangled by a molten gargoyle
             ... wielding a +0 mace
              (9 damage)
             ... in a volcano.
             The game lasted 01:03:46 (21609 turns).

hwolsky the Carver (Minotaur Fighter)              Turns: 21609, Time: 01:03:46

Health: -6/101     AC: 21    Str: 26    XL:     11   Next: 79%
Magic:  10/10      EV: 10    Int:  5    God:    Ashenzari [*.....]
Gold:   742        SH:  6    Dex:  9    Spells: 10/10 levels left

rFire   . . .      SeeInvis .    C - +2 long sword "Citzax" {flame, *Noise rN+ Stlth+}
rCold   . . .      Faith    .    c - +0 buckler
rNeg    + . .      Spirit   .    m - +7 chain mail of the Tethered Visionary {Alch, Melee} (curse)
rPois   +          Reflect  .    (helmet restricted)
rElec   .          Rampage  .    d - +1 cloak
rCorr   +          Rage     3%   (no gloves)
Will    .....                    (no boots) Stlth
                                 (no amulet)
HPRegen 0.36/turn                e - ring of the Ruined Comet {rCorr, Cun, Comp} (curse)
MPRegen 0.12/turn                (no ring)

@: no status effects
A: horns 2, retaliatory headbutt, berserk 1, poison resistance
a: Renounce Religion, Curse Item, Shatter the Chains


You were in a volcano.
You worshipped Ashenzari.
Ashenzari was aware of your devotion.
You visited 3 branches of the dungeon, and saw 14 of its levels.
You also visited: Ossuary and Volcano.

You collected 742 gold pieces.

Inventory:

Hand Weapons
 B - a +4 long sword
 C - the +2 long sword "Citzax" (weapon) {flame, *Noise rN+ Stlth+}
   (You found it on level 2 of the Lair of Beasts)

   rN:        It protects you from negative energy.
   *Noise:    It may make noises in combat.
   Stlth:     It makes you more stealthy.
Missiles
 p - 42 poisoned darts (quivered)
 w - 2 throwing nets
 A - 6 boomerangs
Armour
 c - a +0 buckler (worn)
 d - a +1 cloak (worn)
 m - the cursed +7 chain mail of the Tethered Visionary (worn) {Alch, Melee}
   (You found it on level 4 of the Dungeon)

   It has a curse which improves the following skills: Alchemy: Poison Magic and
   Transmutations.
   Melee Combat: Short Blades, Long Blades, Axes, Maces & Flails, Polearms,
   Staves and Unarmed Combat.
Jewellery
 a - a +6 ring of intelligence
 e - the cursed ring of the Ruined Comet (left hand) {rCorr, Cun, Comp}
   (You found it on level 10 of the Dungeon)

   [ring of resist corrosion]

   rCorr:     It protects you from acid and corrosion.
   It has a curse which improves the following skills: Cunning: Dodging and
   Stealth.
   Companions: Summonings and Necromancy.
Wands
 g - a wand of digging (3)
 n - a wand of paralysis (15)
 o - a wand of roots (24)
 q - a wand of flame (7)
 v - a wand of mindburst (1)
 z - a wand of light (7)
Scrolls
 f - 4 scrolls of fear
 h - 3 scrolls of identify
 j - 4 scrolls of noise
 t - 4 scrolls of magic mapping
 u - 4 scrolls of teleportation
 x - 5 scrolls of poison
 y - a scroll of silence
Potions
 b - 3 potions of ambrosia
 i - 2 potions of degeneration
 k - a potion of cancellation
 s - a potion of magic


   Skills:
 * Level 10.8 Fighting
 - Level 13.7(14.4) Long Blades
 * Level 2.4 Throwing
 + Level 12.0 Armour
 + Level 4.0(4.7) Dodging
 - Level 9.5 Shields


You had 10 spell levels left.
You didn't know any spells.
Your spell library contained the following spells:

 Spells                   Type           Power      Damage    Failure   Level
 Apportation              Tloc           0%         N/A       93%         1
 Magic Dart               Conj           0%         1d3       93%         1
 Necrotise                Necr           0%         1d4       93%         1
 Searing Ray              Conj           0%         2d4       98%         2
 Frozen Ramparts          Ice            0%         1d1       100%        3
 Portal Projectile        Hex/Tloc       0%         N/A       100%        3
 Tukima's Dance           Hex            0%         N/A       100%        3
 Vampiric Draining        Necr           0%         2d6       100%        3
 Fulminant Prism          Conj/Hex       0%         3d5       100%        4
 Ice Form                 Ice/Tmut       0%         N/A       100%        4
 Summon Ice Beast         Ice/Summ       0%         N/A       100%        4
 Agony                    Necr           0%         N/A       100%        5
 Alistair's Intoxication  Tmut/Pois      0%         N/A       100%        5
 Blade Hands              Tmut           0%         N/A       100%        5


Dungeon Overview and Level Annotations

Branches:
Dungeon (11/15)            Temple (1/1) D:5            Lair (2/5) D:10
Ossuary (visited)         Volcano (1/1)
  Swamp: Lair:2-3    Shoals: Lair:2-3     Snake: Lair:2-3    Spider: Lair:2-3
    Orc: D:9-12

Altars:
Ashenzari
Cheibriados
Dithmenos
Elyvilon
Fedhas
Gozag
Hepliaklqana
Kikubaaqudgha
Makhleb
Nemelex Xobeh
Okawaru
Qazlal
Ru
Sif Muna
Trog
Uskayaw
Vehumet
Wu Jian
Xom
Yredelemnul
Zin
The Shining One

Shops:
D:4 :   D:8 ?


Innate Abilities, Weirdness & Mutations

You have a pair of horns on your head.
You reflexively headbutt those who attack you in melee.
You sometimes lose your temper in combat.
Your system is resistant to poisons. (rPois)


Message History

The gargoyle hits you but does no damage.
You can't see any enemies this would affect, really read the scroll of fear?
Okay, then.
Save game and exit?
Welcome back, hwolsky the Minotaur Fighter.
Ashenzari says: Partake of my vision.
Partake of my curse.
Press ? for a list of commands and other information.
Okay, then.
You feel better.
The molten gargoyle blasts magma at you!
The bolt of magma misses you.
The gargoyle hurls a stone arrow at you.
The stone arrow hits you.
* * * LOW HITPOINT WARNING * * *
You feel better. You block the molten gargoyle's attack.
The gargoyle barely misses you.
You hit the molten gargoyle.
The molten gargoyle is heavily damaged.
The molten gargoyle barely misses you.
The gargoyle hits you but does no damage.
You hit the molten gargoyle but do no damage.
You headbutt the molten gargoyle, but do no damage.
The molten gargoyle is heavily damaged.
You hit the molten gargoyle but do no damage.
The molten gargoyle is heavily damaged.
The molten gargoyle blasts magma at you!
The bolt of magma misses you. The gargoyle barely misses you.
You furiously retaliate!
You headbutt the gargoyle.
You hit the molten gargoyle but do no damage.
The molten gargoyle is heavily damaged.
The molten gargoyle blasts magma at you!
The bolt of magma hits you!
* * * LOW HITPOINT WARNING * * *
The gargoyle hits you with a +0 morningstar!
* * * LOW HITPOINT WARNING * * *
You feel better.
The molten gargoyle hits you with a +0 mace.
* * * LOW HITPOINT WARNING * * *
You are engulfed in flames!
You die...

.....###........### #..
........§...§.....## #...
..........≈≈≈§.....###....
...)§...§≈≈§§≈≈§.......$..
...≈§≈..§≈≈§§≈§§....[....≈
}§≈§§≈§≈§≈≈§≈§≈≈≈≈≈...§≈≈≈
.≈≈≈≈≈§§§≈≈≈§§§≈≈≈≈≈≈≈§≈≈≈
.≈≈≈≈....§≈§≈≈≈..9...≈§§§≈
)§.≈......≈≈....@9....§§≈§
.!....................§..§
#.(.............###......§
##...####.....### ##.....
#### ##..### ##.## #### ##


You could see a molten gargoyle and a gargoyle.

Vanquished Creatures
  Amaemon (D:9)
  Pikel (D:7)
  Maurice (D:9)
  A black mamba (Lair:1)
  An orange demon (D:9)
  2 cane toads
  A komodo dragon (shapeshifter) (D:10)
  3 komodo dragons
  A hornet (D:8)
  2 polar bears
  Grinder (D:5)
  Prince Ribbit (D:8)
  5 blink frogs (Lair:1)
  A wraith (D:9)
  2 shadows (D:9)
  6 wyverns
  7 yaks
  Eustachio (D:5)
  2 basilisks (Lair:1)
  2 steam dragons
  3 water moccasins
  Duvessa (D:7)
  2 hell hounds (Lair:2)
  An ice beast (D:8)
  3 orc warriors
  A sky beast (D:7)
  2 ogres (D:5)
  8 wolves
  2 centaurs
  3 phantoms
  3 bullfrogs
  5 kobold brigands
  3 gnoll sergeants
  3 scorpions
  A water moccasin zombie (Ossuary)
  4 wights (D:8)
  Dowan (D:7)
  8 killer bees (D:8)
  6 centaur zombies (Ossuary)
  2 hounds
  3 jellies
  7 orc priests
  Crazy Yiuf (D:2)
  3 iguanas
  A sleepcap (D:7)
  Jessica (D:3)
  9 orc wizards
  Natasha (thrice) (D:2)
  Terence (D:3)
  An ogre zombie (Ossuary)
  A mummy (Ossuary)
  21 gnolls
  An adder (D:5)
  2 white imps
  2 ufetubi
  3 adder zombies (Ossuary)
  2 worms (D:2)
  3 dart slugs
  24 orcs
  6 bats
  6 endoplasms
  A giant cockroach (D:2)
  3 gnoll zombies (Ossuary)
  26 hobgoblins
  2 jackals (D:1)
  5 quokkas
  7 ball pythons
  3 frilled lizards (D:2)
  34 goblins
  4 hobgoblin zombies (Ossuary)
  33 kobolds
  6 orc zombies (Ossuary)
  7 rats
336 creatures vanquished.

Vanquished Creatures (others)
  19 fungi
  40 plants
59 creatures vanquished.

Grand Total: 395 creatures vanquished

Notes
Turn   | Place    | Note
-------+----------+-------------------------------------------
     0 | D:1      | hwolsky the Minotaur Fighter began the quest for the Orb.
     0 | D:1      | Reached XP level 1. HP: 19/19 MP: 0/0
    13 | D:1      | You fall into a shaft and drop 1 floor!
   100 | D:1      | Reached XP level 2. HP: 27/27 MP: 1/1
   235 | D:1      | Found a faded altar of an unknown god.
   255 | D:1      | Reached skill level 3 in Long Blades
   647 | D:1      | Reached XP level 3. HP: 33/33 MP: 2/2
   969 | D:2      | Found a runed translucent door.
   970 | D:2      | Noticed Crazy Yiuf
   978 | D:2      | Killed Crazy Yiuf
   979 | D:2      | Reached XP level 4. HP: 20/40 MP: 3/3
  1232 | D:2      | Noticed Natasha
  1239 | D:2      | Killed Natasha
  1283 | D:2      | Noticed Natasha
  1293 | D:2      | Killed Natasha
  1494 | D:2      | Reached skill level 4 in Long Blades
  1657 | D:2      | Noticed Natasha
  1665 | D:2      | Killed Natasha
  1666 | D:2      | Reached skill level 5 in Armour
  1666 | D:2      | Reached XP level 5. HP: 45/47 MP: 4/4
  2446 | D:3      | Identified the +5 dagger of Kyetes {flame, *Rage rN++
                  | Str+4}
  2533 | D:3      | Noticed Terence
  2539 | D:3      | Killed Terence
  2650 | D:3      | Noticed Jessica
  2657 | D:3      | Killed Jessica
  2969 | D:4      | Gained mutation: You sometimes lose your temper in combat.
                  | [potion of mutation]
  2969 | D:4      | Gained mutation: Your system is resistant to poisons.
                  | (rPois) [potion of mutation]
  3003 | D:4      | Found Xourun's Tremendous Tomes.
  3199 | D:4      | Found a shimmering blue altar of Sif Muna.
  3384 | D:4      | Reached XP level 6. HP: 43/55 MP: 5/5
  3510 | D:4      | Reached skill level 5 in Long Blades
  3722 | D:4      | Reached skill level 5 in Fighting
  4304 | D:5      | Entered Level 5 of the Dungeon
  4304 | D:5      | Noticed Eustachio
  4305 | D:5      | Noticed Grinder
  4312 | D:5      | Reached skill level 5 in Shields
  4328 | D:5      | Killed Grinder
  4329 | D:5      | Reached skill level 6 in Long Blades
  4329 | D:5      | Reached XP level 7. HP: 16/61 MP: 6/6
  4337 | D:5      | Killed Eustachio
  4706 | D:5      | Reached XP level 8. HP: 55/70 MP: 7/7
  4891 | D:5      | Reached skill level 7 in Long Blades
  5513 | D:5      | Found a staircase to the Ecumenical Temple.
  5634 | D:6      | Found a sand-covered staircase.
  5656 | Ossuary  | Entered an ossuary
  5805 | Ossuary  | Reached skill level 8 in Long Blades
  5860 | Ossuary  | Noticed a silent spectre
  6008 | Temple   | Entered the Ecumenical Temple
  6262 | D:6      | Reached XP level 9. HP: 78/78 MP: 8/8
  6741 | D:7      | Reached skill level 9 in Long Blades
  7304 | D:7      | Noticed Pikel
  7322 | D:7      | Killed Pikel
  7323 | D:7      | Reached skill level 10 in Long Blades
  7557 | D:7      | Noticed Duvessa
  7557 | D:7      | Noticed Dowan
  7563 | D:7      | Killed Dowan
  7564 | D:7      | Reached skill level 10 in Armour
  7571 | D:7      | Killed Duvessa
  8017 | D:8      | Reached XP level 10. HP: 41/88 MP: 9/9
  8224 | D:8      | Found Befoanna's Magic Scroll Boutique.
  8776 | D:8      | Reached skill level 11 in Long Blades
  8859 | D:8      | Found a hazy altar of Hepliaklqana.
  8859 | D:8      | Found a broken altar of Ashenzari.
  8860 | D:8      | Found a sacrificial altar of Ru.
  8860 | D:8      | Found a radiant altar of Vehumet.
  8862 | D:8      | Found a basalt altar of Yredelemnul.
  8864 | D:8      | Found an ornate altar of the Wu Jian Council.
  8943 | D:8      | Noticed Prince Ribbit
  8955 | D:8      | Killed Prince Ribbit
 17025 | D:8      | Became a worshipper of Ashenzari the Shackled
 17707 | D:9      | Found an opulent altar of Gozag.
 17714 | D:9      | Noticed Maurice
 17730 | D:9      | Killed Maurice
 17731 | D:9      | Reached skill level 12 in Long Blades
 18148 | D:9      | Noticed Amaemon
 18149 | D:9      | Noticed an orange demon
 18167 | D:9      | Killed Amaemon
 18191 | D:9      | Killed an orange demon
 18192 | D:9      | Reached XP level 11. HP: 38/97 MP: 10/10
 18572 | D:10     | Entered Level 10 of the Dungeon
 18966 | D:10     | Reached skill level 13 in Long Blades
 19063 | D:10     | Found a staircase to the Lair.
 19707 | D:10     | Found a hide-covered altar of Uskayaw.
 19929 | Lair:1   | Entered Level 1 of the Lair of Beasts
 20018 | Lair:1   | Reached skill level 1 in Dodging
 20273 | Lair:1   | Reached * piety under Ashenzari
 20523 | Lair:1   | Reached skill level 10 in Fighting
 21356 | Lair:2   | Identified the +2 long sword "Citzax" {flame, *Noise rN+
                  | Stlth+}
 21376 | Lair:2   | Reached skill level 1 in Throwing
 21551 | Lair:2   | Found a dark tunnel.
 21566 | Volcano  | Entered a volcano
 21608 | Volcano  | HP: 2/101 [gargoyle/+0 morningstar (17)]
 21609 | Volcano  | Mangled by a molten gargoyle

Illustrated notes

Levels and vault maps discovered:
D:1:      saegor_arrival_miasma, layout_basic,
          shapermc_ecumenical_altar_mp_ritualfount,
          chequers_serial_rivers_micro_c
D:2:      layout_basic, chequers_serial_rivers_room_a, uniq_natasha,
          uniq_crazy_yiuf_cottage
D:3:      layout_loops_ring, nicolae_hexahallways, kennysheep_jessica_study,
          uniq_terence
D:4:      minmay_goblin_kobold_castle, layout_rooms,
          mainiacjoe_overflow_brackets, nicolae_shop_i_like_big_books,
          dreamdust_wishing_well, st_stairs_8
D:5:      layout_gridville, minmay_temple_entry_from_below_a, uniq_grinder,
          uniq_eustachio
D:6:      layout_rooms, enter_ossuary_1, item_on_display_a
D:7:      layout_gridville, chequers_serial_rivers_micro_c, uniq_pikel,
          uniq_duvessa
D:8:      layout_gridville, grunt_temple_overflow_open, serial_shops, shop,
          grunt_ministairs_5, uniq_prince_ribbit1
D:9:      layout_stronghold, mainiacjoe_overflow_six_doors_small, uniq_maurice,
          uniq_amaemon
D:10:     nicolae_BIG_FREAKIN_CUBE, layout_gridville,
          nicolae_uskayaw_dance_studio, lair_entry_dummy, hangedman_glass_teeth
D:11:     old_forge, layout_layer_cave, erik_orc_2, dk_vineyard_3
Temple:   nicolae_temple_god_jail
Lair:1:   layout_regular_city
Lair:2:   layout_cave_pods, enter_volcano_3, chequers_serial_rivers_micro_d,
          serial_bayou_lake_a
Volcano:  volcano_overflow

Skill      XL: |  1  2  3  4  5  6  7  8  9 10 11 |
---------------+----------------------------------+-----
Armour         | 4 5 6 7 8 10 11 12 | 12.0
Long Blades    | 3 4 6 8 10 12 13 | 13.7
Shields        | 4 5 6 8 9 |  9.5
Fighting       | 4 5 6 8 9 10 | 10.8
Dodging        | 4 |  4.0
Throwing       | 2 |  2.4

Action                     |  1- 3 |  4- 6 |  7- 9 | 10-12 || total
---------------------------+-------+-------+-------+-------++-------
  Melee: Long sword        |    98 |   226 |   351 |   522 ||  1197
         Headbutt          |    20 |    35 |    83 |   109 ||   247
  Throw: Dart              |       |    15 |     6 |    23 ||    44
 Invoke: Curse Item        |       |       |       |     2 ||     2
  Evoke: Wand              |       |       |       |     1 ||     1
    Use: Scroll            |     8 |     5 |    10 |     7 ||    30
         Potion            |     3 |     2 |     4 |    15 ||    24
 Armour: Scale mail        |    40 |    57 |       |       ||    97
         Chain mail        |       |   118 |   350 |   319 ||   787
  Dodge: Dodged            |    39 |   143 |   187 |   226 ||   595
  Block: Buckler           |    15 |    87 |   124 |   149 ||   375

Table legend: (Time is in decaauts)
 A = Elapsed time spent in this place.
 B = Non-inter-level travel time spent in this place.
 C = Inter-level travel time spent in this place.
 D = Time resting spent in this place.
 E = Time spent auto-exploring this place.
 F = Levels seen in this place.
 G = Mean time per level.
                   A        B        C        D        E       F      G
               +--------+--------+--------+--------+--------+-----+--------+
         Total |  21779 |  20959 |    820 |   9691 |   6545 |  16 | 1361.2 |
       Dungeon |  19758 |  18964 |    794 |   9397 |   5760 |  11 | 1796.2 |
        Temple |    102 |    102 |      0 |      0 |     44 |   1 |  102.0 |
          Lair |   1586 |   1560 |     26 |    294 |    741 |   2 |  793.0 |
       Ossuary |    293 |    293 |      0 |      0 |      0 |   1 |  293.0 |
       Volcano |     37 |     37 |      0 |      0 |      0 |   1 |   37.0 |
               +--------+--------+--------+--------+--------+-----+--------+

Top non-repeatable levels by time:
     D:1: 7886 daAuts
     D:8: 1779 daAuts
     D:4: 1622 daAuts
     D:9: 1568 daAuts
    D:10: 1364 daAuts
     D:5: 1355 daAuts
     D:7: 1345 daAuts
  Lair:1: 1320 daAuts
     D:2: 1116 daAuts
     D:3: 913 daAuts
     D:6: 804 daAuts
 Ossuary: 293 daAuts
  Lair:2: 266 daAuts
  Temple: 102 daAuts
 Volcano: 37 daAuts
